 Dungeon Crawl Stone Soup version 0.23.1-37-gaa34b87b72 (webtiles) character file.

Game seed: 8550926838951256293

2399 nygusnygus the Carver (level 9, -4/73 HPs)
             Began as a Deep Dwarf Gladiator on Mar 21, 2019.
             Was a Believer of Fedhas.
             Slain by a killer bee (5 damage)
             ... on level 8 of the Dungeon.
             The game lasted 00:30:21 (4700 turns).

nygusnygus the Carver (Deep Dwarf Gladiator)        Turns: 4700, Time: 00:30:23

Health: -4/73      AC:  4    Str: 22    XL:     9   Next: 23%
Magic:  0/0        EV: 13    Int: 13    God:    Fedhas [**....]
Gold:   274        SH:  0    Dex: 14    Spells: 8/8 levels left

rFire    . . .     SeeInvis .   l - +3 long sword (vamp)
rCold    . . .     Gourm    .   (no shield)
rNeg     + . .     Faith    .   x - +0 leather armour {rN+}
rPois    .         Spirit   .   c - +0 helmet
rElec    .         Reflect  .   (no cloak)
rCorr    .         Harm     .   (no gloves)
MR       +....                  (no boots)
Stlth    +.........             h - amulet of regeneration
HPRegen  0.00/turn              r - ring of flight
MPRegen  0.07/turn              (no ring)

@: brilliant, lethally poisoned (-4 -> -4), non-regenerating
A: damage resistance, heal wounds, frail 1, sense surroundings 2, no potion heal
1, no regeneration
a: Heal Wounds, Fungal Bloom, Sunlight, Evolution, Renounce Religion, Evoke
Flight


You were on level 8 of the Dungeon.
You worshipped Fedhas.
Fedhas was pleased with you.
You were not hungry.

You visited 1 branch of the dungeon, and saw 8 of its levels.

You collected 274 gold pieces.

Inventory:

Hand Weapons
 a - a +0 long sword
 l - a +3 vampiric long sword (weapon)
 p - a +1 flail of protection
Missiles
 d - 3 throwing nets (quivered)
Armour
 b - a +1 leather armour
 c - a +0 helmet (worn)
 x - a +0 leather armour of positive energy (worn)
Magical Staves
 w - an uncursed staff of cold
Jewellery
 h - an amulet of regeneration (around neck)
 r - a ring of flight (left hand)
Scrolls
 j - a scroll of teleportation
 k - a scroll of noise {unknown}
 m - 2 scrolls of remove curse
Potions
 e - a potion of might {unknown}
 i - a potion of ambrosia
 o - 2 potions of cancellation
 s - a potion of degeneration {unknown}
 A - a potion of flight {unknown}
Comestibles
 f - 7 rations


   Skills:
 * Level 6.0 Fighting
 * Level 10.0 Long Blades
 - Level 1.7 Throwing
 * Level 4.9 Armour
 - Level 3.4 Dodging


You had 8 spell levels left.
You didn't know any spells.
Your spell library contained the following spells:

 Spells                   Type           Power        Failure   Level  Hunger
 Beastly Appendage        Tmut           #.....       4%          1    ##.....
 Sticks to Snakes         Tmut           #.......     6%          2    ###....
 Sublimation of Blood     Necr           #.........   6%          2    ###....
 Spider Form              Tmut/Pois      #.........   12%         3    ####...
 Ice Form                 Ice/Tmut       #.......     32%         4    #####..
 Leda's Liquefaction      Hex/Erth       #.........   32%         4    #####..
 Blade Hands              Tmut           #.........   63%         5    ######.
 Iron Shot                Conj/Erth      #.........   98%         6    #######
 Statue Form              Tmut/Erth      #........    98%         6    #######


Dungeon Overview and Level Annotations

Branches:
Dungeon (8/15)             Temple (0/1) D:4
   Lair: D:8-11

Altars:
Cheibriados
Fedhas
Nemelex Xobeh
Okawaru
Trog
Vehumet
The Shining One


Innate Abilities, Weirdness & Mutations

You are resistant to damage.
You can heal yourself by infusing magical energy.
You passively map the area around you.
You do not regenerate.
You are frail. (-10% HP)
Potions are less effective at restoring your health.


Message History

* * * LOW HITPOINT WARNING * * *
There is an open door here.
The killer bee stings you.
* * * LOW HITPOINT WARNING * * *
You are poisoned.
The killer bee poisons you! The killer bee stings you!
* * * LOW HITPOINT WARNING * * *
The killer bee closely misses you. The killer bee barely misses you.
You riposte.
You slash the killer bee!
You feel better.
The killer bee is severely wounded.
Okay, then.
Okay, then.
Okay, then.
It was a potion of brilliance.
You feel clever all of a sudden. The killer bee stings you!
* * * LOW HITPOINT WARNING * * *
The killer bee stings you!
You die...
Fedhas appreciates your contribution to the ecosystem.

, , * , * * * ,, * * ,
,....# , , ......# * , ,
...... ######### **#...#*
#....#..########...# *
#...........y#.....#
#..>........@yh....# ,,, ,
#............#h....# , ,* ,
#....##########....# ,. *
#....#........#'####.... ,
#....#...(........h.h... ,
, #.....P.P...............
, ,
##.....รท.)...............
,,
#..#'#.).PP..............,,
, #..#_#..........<........
,,


You could see a hound, 2 killer bees and a jackal.

Vanquished Creatures
  Grinder (D:4)
  Sigmund (D:6)
  Duvessa (D:4)
  An ice beast (D:7)
  An orc warrior (D:7)
  2 sky beasts
  2 centaurs
  Blork the orc (D:6)
  Dowan (D:4)
  4 killer bees
  A crimson imp (D:5)
  A bullfrog zombie (D:6)
  Crazy Yiuf (D:6)
  4 orc priests
  5 hounds
  3 jellies (D:7)
  A gnoll shaman (D:8)
  2 bullfrog skeletons
  3 iguanas
  Ijyb (D:4)
  Natasha (thrice) (D:2)
  3 orc wizards
  2 worker ants
  A hound zombie (D:8)
  A hound skeleton (D:4)
  8 gnolls
  A howler monkey skeleton (D:7)
  2 adders
  4 shadow imps
  2 oozes
  An adder skeleton (D:7)
  3 dart slugs
  4 leopard geckos
  14 orcs
  2 ball pythons
  7 bats
  8 giant cockroaches
  16 goblins
  8 hobgoblins
  6 jackals
  3 quokkas
  9 frilled lizards
  A kobold (D:3)
  A quokka skeleton (D:5)
  A quokka zombie (D:6)
  3 rats
151 creatures vanquished.

Vanquished Creatures (others)
  73 toadstools
73 creatures vanquished.

Grand Total: 224 creatures vanquished

Notes
Turn   | Place    | Note
-------+----------+-------------------------------------------
     0 | D:1      | nygusnygus the Deep Dwarf Gladiator began the quest for the
                  | Orb.
     0 | D:1      | Reached XP level 1. HP: 19/19 MP: 1/1
   179 | D:1      | Reached XP level 2. HP: 26/26 MP: 2/2
   892 | D:2      | Noticed Natasha
   894 | D:2      | Noticed a crimson imp
   905 | D:2      | Noticed a crimson imp
   909 | D:2      | Killed Natasha
   909 | D:2      | Reached skill level 1 in Armour
   909 | D:2      | Reached XP level 3. HP: 3/32 MP: 3/3
   914 | D:2      | Reached skill level 4 in Long Blades
   919 | D:2      | Noticed Natasha
   932 | D:2      | Killed Natasha
   932 | D:2      | Reached XP level 4. HP: 26/39 MP: 4/4
  1082 | D:2      | Found a glowing golden altar of the Shining One.
  1082 | D:2      | Found a blossoming altar of Fedhas.
  1083 | D:2      | Found a sparkling altar of Nemelex Xobeh.
  1092 | D:2      | Became a worshipper of Fedhas Madash
  1097 | D:2      | Noticed Natasha
  1105 | D:2      | Killed Natasha
  1108 | D:2      | Found a snail-covered altar of Cheibriados.
  1320 | D:2      | Reached skill level 5 in Long Blades
  1424 | D:2      | Found a blossoming altar of Fedhas.
  1714 | D:3      | Reached XP level 5. HP: 44/46 MP: 5/5
  2025 | D:3      | Found a faded altar of an unknown god.
  2420 | D:4      | Found a staircase to the Ecumenical Temple.
  2426 | D:4      | Reached XP level 6. HP: 34/55 MP: 5/5
  2442 | D:4      | Reached skill level 6 in Long Blades
  2608 | D:4      | Noticed Duvessa
  2608 | D:4      | Noticed Dowan
  2628 | D:4      | Killed Duvessa
  2656 | D:4      | Noticed Grinder
  2679 | D:4      | Killed Dowan
  2679 | D:4      | Reached XP level 7. HP: 42/62 MP: 3/3
  2802 | D:4      | Paralysed by Grinder for 5 turns
  2806 | D:4      | HP: 3/62 [Grinder (4)]
  2812 | D:4      | Paralysed by Grinder for 4 turns
  2817 | D:4      | Killed Grinder
  2817 | D:4      | Reached skill level 7 in Long Blades
  2865 | D:4      | Reached * piety under Fedhas
  2891 | D:4      | Noticed Ijyb
  2930 | D:4      | Killed Ijyb
  3185 | D:5      | Entered Level 5 of the Dungeon
  3243 | D:5      | Gained mutation: Potions are less effective at restoring
                  | your health. [potion of mutation]
  3243 | D:5      | Gained mutation: You are frail. (-10% HP) [potion of
                  | mutation]
  3273 | D:5      | Reached XP level 8. HP: 64/64 MP: 1/3
  3309 | D:5      | Reached skill level 8 in Long Blades
  3472 | D:5      | Found an iron altar of Okawaru.
  3490 | D:5      | Found a radiant altar of Vehumet.
  3638 | D:6      | Noticed Sigmund
  3648 | D:6      | Noticed Blork the orc
  3670 | D:6      | Killed Blork the orc
  3681 | D:6      | Killed Sigmund
  3681 | D:6      | Reached skill level 9 in Long Blades
  3863 | D:6      | Found a runed translucent door.
  3864 | D:6      | Noticed Crazy Yiuf
  4129 | D:6      | Killed Crazy Yiuf
  4129 | D:6      | Reached skill level 5 in Fighting
  4301 | D:7      | Identified Sif Muna's Grimoire of Sinister Clay
  4341 | D:7      | Gained mutation: You passively map the area around you.
                  | [Deep Dwarf growth]
  4341 | D:7      | Reached XP level 9. HP: 51/72 MP: 2/2
  4634 | D:8      | Reached skill level 10 in Long Blades
  4640 | D:8      | Reached ** piety under Fedhas
  4660 | D:8      | Found a bloodstained altar of Trog.
  4700 | D:8      | HP: 1/73 [killer bee (6)]
  4700 | D:8      | Slain by a killer bee

Skill      XL: |  1  2  3  4  5  6  7  8  9 |
---------------+----------------------------+-----
Fighting       | 2 3 4 5 6 |  6.0
Armour         | 1 2 3 4 |  4.9
Long Blades    | 4 5 6 7 9 10 | 10.0
Throwing       | |  1.7
Dodging        | |  3.4

Action                   |  1- 3 |  4- 6 |  7- 9 || total
-------------------------+-------+-------+-------++-------
Melee: Long sword        |    50 |   197 |   266 ||   513
Invok: Fungal Bloom      |       |    15 |    16 ||    31
       Sunlight          |       |       |     3 ||     3
 Abil: Heal Wounds       |     1 |     6 |    15 ||    22
  Use: Scroll            |       |     2 |    18 ||    20
       Potion            |       |       |     7 ||     7
 Stab: Sleeping          |       |     1 |       ||     1
  Eat: Ration            |       |     3 |     1 ||     4
       Chunk             |       |     1 |     3 ||     4
Armor: Leather armour    |    23 |    42 |    67 ||   132
       Skin              |       |       |     1 ||     1
Dodge: Dodged            |    57 |   124 |   259 ||   440
       Rpst.: Long sword |    23 |    51 |    84 ||   158
